 Dungeon Crawl Stone Soup version 0.19-a0-1920-g83281cb (webtiles) character file.

100 Leszczynek the Cudgeler (level 4, 3/44 HPs)
             Began as an Ogre Warper on Oct 23, 2016.
             Quit the game on level 3 of the Dungeon.
             The game lasted 00:08:46 (1164 turns).

Leszczynek the Cudgeler (Ogre Warper)               Turns: 1164, Time: 00:08:47

Health: 3/44       AC:  3    Str: 16    XL:     4   Next: 73%
Magic:  7/7        EV: 10    Int: 12    God:
Gold:   72         SH:  0    Dex: 10    Spells: 0 memorised, 7 levels left

rFire  . . .     SeeInvis .     a - +0 mace
rCold  . . .     Gourm    .     b - +0 robe
rNeg   . . .     Faith    .     (no shield)
rPois  .         Spirit   .     (helmet restricted)
rElec  .         Reflect  .     (no cloak)
rCorr  .         Harm     .     (gloves unavailable)
MR     .....                    (boots unavailable)
Stlth  +.........               (no amulet)
                                (no ring)
                                (no ring)

@: lethally poisoned (3 -> -8)
A: unfitting armour, tough skin 1
a: no special abilities


You were on level 3 of the Dungeon.
You were not hungry.

You visited 1 branch of the dungeon, and saw 3 of its levels.

You collected 72 gold pieces.

Inventory:

Hand Weapons
 a - a +0 mace (weapon)
Missiles
 e - 5 tomahawks of dispersal (quivered)
Armour
 b - a +0 robe (worn)
Scrolls
 f - a scroll of blinking
 h - a scroll of recharging {unknown}
 i - 3 scrolls of remove curse
 j - 3 scrolls of identify
 l - a scroll of enchant armour {unknown}
 m - a scroll of amnesia {unknown}
Books
 c - a book of Spatial Translocations

   Spells                             Type                      Level
   a - Blink                          Translocation                2
   b - Shroud of Golubria             Charms/Translocation         2
   c - Lesser Beckoning               Translocation                3
   d - Portal Projectile              Translocation                3
   e - Teleport Other                 Translocation                3
   f - Passage of Golubria            Translocation                4
Comestibles
 d - a bread ration
 g - 7 chunks of flesh


   Skills:
 - Level 2.6 Fighting
 + Level 6.3 Maces & Flails
 - Level 1.0 Throwing
 - Level 2.1 Dodging
 - Level 2.4 Spellcasting
   Level 2.1 Translocations


You had 7 spell levels left.
You didn't know any spells.

Dungeon Overview and Level Annotations

Branches:
Dungeon (3/15)

Altars:
Dithmenos

Annotations:
D:2 Natasha


Innate Abilities, Weirdness & Mutations

You are too large for most types of armour.
You have tough skin. (AC +1)


Message History

The adder is almost dead.
You feel sick. The adder bites you but does no damage.
You miss the adder.
The adder is almost dead.
You feel sick. The adder bites you.
* * * LOW HITPOINT WARNING * * *
You are more poisoned.
The adder poisons you!
You barely miss the adder.
The adder is almost dead.
* * * LOW HITPOINT WARNING * * *
You feel sick. The adder bites you but does no damage. The adder bites you.
* * * LOW HITPOINT WARNING * * *
Enter note: nope, level 4, still no chance against adders
Enter note: OGRES BEST SPECIES IN THE GAME
Enter note: TOP TIER
Enter note: REMEMBER
Enter note: HUGE HP POOL MEANS BEST SPECIES HANDS DOWN
Enter note: Are you sure you want to abandon this character and quit the game? (Confirm with "yes".)

#....###.#
#.#### #.##
#.....#
#.########...
#.>.##.##
#............
## #.#
########.....
#.# #..... #.#
#.#... #.#
#.####
#.######## #.#
#.....@S.# #.#
.......######.#
#.# ####.#.# #
#.#### ......
#....) ..##.#.#
###### # #.#.#
# ( #.# # ## #.
## #.


You could see an adder.

Vanquished Creatures
  Jessica (D:3)
  2 adders (D:2)
  A gnoll (D:3)
  5 dart slugs
  A leopard gecko (D:1)
  3 giant cockroaches (D:1)
  6 goblins
  2 hobgoblins
  4 bats
  4 frilled lizards
  5 kobolds
  2 rats (D:1)
36 creatures vanquished.

Notes
Turn   | Place    | Note
-------+----------+-------------------------------------------
     0 | D:1      | Leszczynek the Ogre Warper began the quest for the Orb.
     0 | D:1      | Reached XP level 1. HP: 22/22 MP: 3/3
    48 | D:1      | You fall through a shaft!
    89 | D:2      | Reached skill level 3 in Maces & Flails
   136 | D:2      | Found a shadowy altar of Dithmenos.
   290 | D:1      | Reached XP level 2. HP: 13/29 MP: 5/5
   399 | D:1      | Reached skill level 4 in Maces & Flails
   504 | D:1      | Reached XP level 3. HP: 26/36 MP: 6/6
   634 | D:2      | Reached skill level 5 in Maces & Flails
   810 | D:3      | Reached XP level 4. HP: 29/44 MP: 7/7
   947 | D:3      | Noticed Jessica
   962 | D:3      | Killed Jessica
   962 | D:3      | Reached skill level 6 in Maces & Flails
  1079 | D:3      | """speed"""run
  1146 | D:2      | Noticed Natasha
  1163 | D:3      | HP: 4/44 [poisoned by an adder]
  1164 | D:3      | nope, level 4, still no chance against adders
  1164 | D:3      | OGRES BEST SPECIES IN THE GAME
  1164 | D:3      | TOP TIER
  1164 | D:3      | REMEMBER
  1164 | D:3      | HUGE HP POOL MEANS BEST SPECIES HANDS DOWN
  1164 | D:3      | Quit the game

Vault maps used:
D:1:      nicolae_arrival_somewhat_less_tricky_arrival
D:2:      nicolae_dithmenos_through_a_glass_darkly, uniq_natasha, uniq_robin
D:3:      overflow_temple_1_default, tgw_xom, uniq_jessica, uniq_iyjb

Skill      XL: |  1  2  3  4 |
---------------+-------------+-----
Maces & Flails | 3 4 5 6 |  6.3
Fighting       | |  2.6
Throwing       | |  1.0
Dodging        | |  2.1
Spellcasting   | |  2.4
Translocations | |  2.1

Action                   |  1- 3 |  4- 6 || total
-------------------------+-------+-------++-------
Melee: Mace              |    95 |    32 ||   127
  Use: Scroll            |     2 |       ||     2
       Potion            |     1 |     1 ||     2
  Eat: Chunk             |     1 |     1 ||     2
Armor: Robe              |    27 |     6 ||    33
       Skin              |    15 |       ||    15
Dodge: Dodged            |    42 |    17 ||    59
